 Dungeon Crawl Stone Soup version 0.30-a0-760-g5a9884bb7c (webtiles) character file.

Game seed: 9395608953065302396

35 pon the Conjurer (level 3, 0/24 HPs)
             Began as a Human Conjurer on June 26, 2022.
             Slain by a kobold
             ... wielding a +0 short sword
              (2 damage)
             ... on level 2 of the Dungeon on Feb 11, 2023.
             The game lasted 00:10:19 (1245 turns).

pon the Conjurer (Human Conjurer)                   Turns: 1245, Time: 00:10:20

Health: 0/24       AC:  2    Str:  7    XL:     3   Next: 52%
Magic:  6/6        EV: 12    Int: 20    God:
Gold:   58         SH:  0    Dex: 17    Spells: 5/6 levels left

rFire   . . .      SeeInvis .    h - +0 dagger
rCold   . . .      Faith    .    (no shield)
rNeg    . . .      Spirit   .    a - +0 robe
rPois   .          Reflect  .    (no helmet)
rElec   .          Harm     .    (no cloak)
rCorr   .          Rampage  .    (no gloves)
Will    .....                    (no boots)
Stlth   ++                       (no amulet)
HPRegen 0.24/turn                c - +6 ring of dexterity
MPRegen 0.10/turn                (no ring)

@: no status effects
A: no striking features
a: no special abilities


You were on level 2 of the Dungeon.
You visited 1 branch of the dungeon, and saw 2 of its levels.

You collected 58 gold pieces.

Inventory:

Hand Weapons
 h - a +0 dagger (weapon)
 i - a +0 spear
Missiles
 k - 5 poisoned darts
Armour
 a - a +0 robe (worn)
 d - a +0 helmet
Jewellery
 c - a +6 ring of dexterity (left hand)
Scrolls
 g - 2 scrolls of identify {unknown}
 j - a scroll of torment {unknown}
Potions
 b - a potion of magic
 e - 2 potions of curing {unknown}
 f - a potion of attraction {unknown}


   Skills:
 - Level 2.3 Dodging
 - Level 2.4 Stealth
 + Level 2.0 Spellcasting
 + Level 4.6 Conjurations


You had 5 spell levels left.
You knew the following spells:

 Your Spells              Type           Power      Damage    Failure   Level
a - Magic Dart            Conj           80%        1d7       2%          1

Your spell library contained the following spells:

 Spells                   Type           Power      Damage    Failure   Level
 Searing Ray              Conj           40%        2d5       3%          2
 Dazzling Flash           Conj/Hex       22%        N/A       19%         3
 Fulminant Prism          Conj/Hex       5%         3d6       52%         4
 Iskenderun's Mystic Bla  Conj/Tloc      11%        2d4       52%         4


Dungeon Overview and Level Annotations

Branches:
Dungeon (2/15)

Altars:


Message History

a +0 short sword; 3 stones; a kobold corpse
Items here: ( )) ††.
Okay, then.
Things that are here:
a +0 short sword; 3 stones; a kobold corpse
Okay, then.
You now have 50 gold pieces (gained 10).
Found 8 gold pieces.
Found a hand axe.
Found a glowing inky potion.
You now have 58 gold pieces (gained 8).
Save game and exit?
Welcome back, pon the Human Conjurer.
Press ? for a list of commands and other information.
Okay, then.
A kobold comes into view. It is wielding a +0 short sword.
You see here a glowing inky potion.
The kobold shouts!
You hear a shout!
The kobold hits you with a +0 short sword.
You hit the kobold.
The kobold is heavily wounded.
The kobold barely misses you.
A goblin comes into view. It is wielding a +0 dagger.
The kobold hits you with a +0 short sword.
The kobold hits you with a +0 short sword.
The goblin unwields a +0 dagger.
The goblin wields a +0 sling.
The goblin shoots a sling bullet.
The sling bullet barely misses you. The kobold hits you but does no damage.
The kobold hits you with a +0 short sword.
The goblin unwields a +0 sling.
The goblin wields a +0 dagger.
The goblin closely misses you.
The kobold hits you with a +0 short sword.
The goblin hits you with a +0 dagger. The kobold hits you but does no damage.
The goblin hits you but does no damage.
The kobold hits you with a +0 short sword.
* * * LOW HITPOINT WARNING * * *
The goblin hits you with a +0 dagger.
* * * LOW HITPOINT WARNING * * *
The kobold hits you with a +0 short sword.
You die...

#.........#
.#....
#.........#
# ...
###.......+
#. ..
#.......# ..
...####.#.#
#. ...
#.#)... ...
#.#.#.# ....
##!###.#
#..@...###..
#..Kg.......
#.#####.....
#. .... #.
... .. .. ..
. ###


You could see a goblin and a kobold.

Vanquished Creatures
  An adder (D:2)
  2 ball pythons (D:1)
  2 bats
  4 endoplasms (D:1)
  3 giant cockroaches
  A goblin (D:2)
  3 hobgoblins (D:1)
  A quokka (D:1)
  2 frilled lizards (D:1)
  2 kobolds (D:2)
  2 rats
23 creatures vanquished.

Notes
Turn   | Place    | Note
-------+----------+-------------------------------------------
     0 | D:1      | pon the Human Conjurer began the quest for the Orb.
     0 | D:1      | Reached XP level 1. HP: 13/13 MP: 3/3
   365 | D:1      | Reached XP level 2. HP: 19/19 MP: 1/5
   980 | D:1      | Upgraded the game from 0.29-a0-716-gf28ee254f9 to
                  | 0.30-a0-715-gdb4ae3ece1
  1058 | D:2      | Reached XP level 3. HP: 24/24 MP: 1/6
  1217 | D:2      | Upgraded the game from 0.30-a0-715-gdb4ae3ece1 to
                  | 0.30-a0-760-g5a9884bb7c
  1245 | D:2      | Slain by a kobold

Illustrated notes

Levels and vault maps discovered:
D:1:      amcnicky_arrival_feature_with_door, layout_loops_ring,
          minmay_misc_feat_chi
D:2:      layout_basic

Action                     || total
---------------------------++-------
  Melee: Unarmed           ||     7
         Dagger            ||     1
   Cast: Magic Dart        ||    39
 Armour: Robe              ||     7
  Dodge: Dodged            ||    12

Table legend: (Time is in decaauts)
 A = Elapsed time spent in this place.
 B = Non-inter-level travel time spent in this place.
 C = Inter-level travel time spent in this place.
 D = Time resting spent in this place.
 E = Time spent auto-exploring this place.
 F = Levels seen in this place.
 G = Mean time per level.
                   A        B        C        D        E       F      G
               +--------+--------+--------+--------+--------+-----+--------+
         Total |   1243 |   1175 |     68 |     54 |    913 |   2 |  621.5 |
       Dungeon |   1243 |   1175 |     68 |     54 |    913 |   2 |  621.5 |
               +--------+--------+--------+--------+--------+-----+--------+

Top non-repeatable levels by time:
     D:1: 1052 daAuts
     D:2: 191 daAuts
